 Dungeon Crawl Stone Soup version 0.24-a0-378-g94936e5 (webtiles) character file.

Game seed: 1024042592910213042

10427 silenth the Basher (level 11, -1/87 HPs)
             Began as a Demonspawn Gladiator on June 2, 2019.
             Was a Priest of Nemelex Xobeh.
             Killed from afar by Fannar (43 damage)
             ... with a bolt of cold
             ... on level 11 of the Dungeon.
             The game lasted 00:27:46 (13460 turns).

silenth the Basher (Demonspawn Gladiator)          Turns: 13460, Time: 00:27:46

Health: -1/87      AC: 15    Str: 18    XL:     11   Next: 36%
Magic:  17/17      EV: 16    Int: 10    God:    Nemelex Xobeh [***...]
Gold:   322        SH:  0    Dex: 18    Spells: 8/12 levels left

rFire    + . .     SeeInvis .   O - +0 dire flail
rCold    . . .     Gourm    .   (shield currently unavailable)
rNeg     . . .     Faith    .   M - +0 troll leather armour
rPois    .         Spirit   .   (helmet restricted)
rElec    .         Reflect  .   I - +0 cloak
rCorr    .         Harm     .   f - +0 pair of gloves
MR       .....                  (no boots)
Stlth    ++++......             t - amulet of magic regeneration
HPRegen  0.64/turn              q - +4 ring of strength
MPRegen  0.40/turn              (no ring)

@: about to teleport, barbed spikes, sanguine armour
A: horns 2, fire resistance 1, nightstalker 1, sanguine armour 2
a: Draw Escape, Draw Destruction, Draw Summoning, Triple Draw, Renounce Religion


You were on level 11 of the Dungeon.
You worshipped Nemelex Xobeh.
Nemelex Xobeh was most pleased with you.
You were not hungry.

You visited 2 branches of the dungeon, and saw 13 of its levels.
You also visited: Sewer.

You collected 757 gold pieces.
You spent 435 gold pieces at shops.

Inventory:

Hand Weapons
 a - a +1 flail of protection
 H - a +0 morningstar
 O - a +0 dire flail (weapon)
Missiles
 d - 4 throwing nets
 u - 13 boomerangs
 C - 23 poisoned darts (quivered)
Armour
 f - a +0 pair of gloves (worn)
 h - a +0 ring mail
 F - a +0 scale mail
 I - a +0 cloak (worn)
 M - a +0 troll leather armour (worn)
Jewellery
 q - a +4 ring of strength (left hand)
 t - an amulet of magic regeneration (around neck)
 A - an uncursed amulet of the gourmand
Wands
 B - a wand of random effects (12)
 J - a wand of digging (5)
 L - a wand of flame (10)
Scrolls
 c - a scroll of fear
 g - a scroll of fog {unknown}
 i - 5 scrolls of identify
 j - a scroll of magic mapping {unknown}
 n - 5 scrolls of teleportation
 p - 2 scrolls of enchant weapon
 r - 4 scrolls of remove curse
 x - a scroll of noise {unknown}
 y - a scroll of immolation {unknown}
 z - a scroll of enchant armour {unknown}
 D - a scroll of torment {unknown}
 E - a scroll of silence {unknown}
 G - a scroll of blinking {unknown}
Potions
 b - a potion of might
 k - 3 potions of haste
 l - 7 potions of heal wounds
 m - a potion of mutation
 o - 3 potions of agility
 s - 5 potions of flight
 v - 3 potions of brilliance
 w - a potion of lignification
 K - 6 potions of curing
 P - a potion of cancellation {unknown}
Comestibles
 e - 27 rations


   Skills:
 + Level 8.6 Fighting
 * Level 11.0 Maces & Flails
 - Level 2.0 Throwing
 - Level 3.0 Armour
 + Level 5.9 Dodging
 - Level 4.0 Stealth
 + Level 1.3 Spellcasting
 + Level 1.5 Necromancy
 + Level 9.1 Invocations


You had 8 spell levels left.
You knew the following spells:

 Your Spells              Type           Power        Failure   Level  Hunger
a - Animate Skeleton      Necr           N/A          21%         1    ##.....
b - Regeneration          Chrm/Necr      #.........   65%         3    ####...

Your spell library contained the following spells:

 Spells                   Type           Power        Failure   Level  Hunger
 Pain                     Necr           #...         21%         1    ##.....
 Vampiric Draining        Necr           #.........   52%         3    ####...
 Animate Dead             Necr           N/A          90%         4    #####..


Dungeon Overview and Level Annotations

Branches:
Dungeon (12/15)            Temple (1/1) D:5            Lair (0/6) D:10
    Orc (0/2) D:9

Altars:
Ashenzari
Cheibriados
Dithmenos
Elyvilon
Fedhas
Gozag
Hepliaklqana
Kikubaaqudgha
Makhleb
Nemelex Xobeh
Okawaru
Qazlal
Ru
Sif Muna
Trog
Uskayaw
Vehumet
Wu Jian
Xom
Yredelemnul
Zin
The Shining One

Shops:
D:6 *   D:7 %   D:10 !

Annotations:
D:11 Fannar


Innate Abilities, Weirdness & Mutations

You have a pair of horns on your head.
Your flesh is heat resistant. (rF+)
You are slightly more attuned to the shadows.
When seriously injured, your bleeding wounds create thick armour. (AC +9)


Message History

Okay, then.
The manticore flicks its tail.
The volley of spikes hits you!
The barbed spikes become lodged in your body.
You hear a shout!
You feel much better.
Your blood armour dries and flakes away.
You hear a shout!
The orc barely misses you.
The manticore flicks its tail.
The volley of spikes hits you!!
The barbed spikes become lodged in your body.
Your blood congeals into armour.
You hear a shout!
As you read the scroll of teleportation, it crumbles to dust.
You feel strangely unstable. Fannar gestures at you while chanting.
The bolt of cold hits you!!!
You die...
Your body glows with a rainbow of weird colours and disappears.

...................(.#(
....................(##<
..........................c..####
.............[..............#c
...................H..........###
.............o........(...#.....#
.e.....?............(.(..##.....#
%.....o........o.##.(...###.....#
..#.#<#.#.####e.@.##..((## .....#
...z.o..c..###W##...##.oc##c.(..#
..#.#.#.#(##oo...).....cc))..((/#
.>...).z.zzo.....)##.##H###.....#
..#.#.#.#.##..⚑..###.##.# .c.(.#
...........#.....# # #c. .....#
..#.#.#.#.##.....# ### .....#
....(...(.####.## #.####
###.#.#.#(## #..# .#


You could see Fannar, a manticore, a phantom, an orc warrior, a wight and 4
orcs.

Vanquished Creatures
  Erolcha (D:9)
  A hydra (D:9)
  A two-headed ogre (D:10)
  An unseen horror (D:11)
  Joseph (D:9)
  A gargoyle (D:11)
  A centaur skeleton (D:9)
  A hornet (D:7)
  2 trolls
  A hippogriff (D:9)
  A dream sheep (D:9)
  A wraith (D:10)
  A yak (D:9)
  Duvessa (D:5)
  An ice beast (D:8)
  8 orc warriors
  2 phantoms (D:6)
  7 centaurs
  7 ogres
  A necrophage (D:8)
  A crocodile (D:12)
  2 big kobolds (D:9)
  A gnoll sergeant (D:8)
  Blork the orc (D:5)
  11 bullfrogs
  Dowan (D:5)
  6 killer bees (D:9)
  4 wights (D:8)
  A howler monkey (D:8)
  4 crimson imps
  A centaur zombie (D:8)
  A bullfrog zombie (D:9)
  17 orc priests
  4 hounds
  8 orc wizards
  2 iguanas (D:6)
  4 worker ants
  A merfolk siren (Sewer)
  A merfolk avatar (Sewer)
  A killer bee zombie (D:8)
  A hound skeleton (D:7)
  A worker ant zombie (D:5)
  12 adders
  4 gnolls
  A howler monkey skeleton (D:11)
  3 river rats
  2 shadow imps
  2 oozes (D:2)
  3 adder zombies
  An adder skeleton (D:6)
  6 worms
  2 dart slugs (D:1)
  6 leopard geckos
  57 orcs
  8 ball pythons
  11 giant cockroaches
  8 goblins
  5 hobgoblins
  13 jackals
  2 quokkas
  8 bats
  3 frilled lizards
  10 kobolds
  33 rats
315 creatures vanquished.

Vanquished Creatures (collateral kills)
  A dream sheep (D:9)
  A yak (D:9)
  2 big kobolds (D:9)
4 creatures vanquished.

Vanquished Creatures (others)
  3 orc wizards
  2 ball lightnings (D:9)
  A leopard gecko (D:9)
  2 orcs (D:9)
  A kobold (D:9)
  3 plants (D:9)
12 creatures vanquished.

Grand Total: 331 creatures vanquished

Notes
Turn   | Place    | Note
-------+----------+-------------------------------------------
     0 | D:1      | silenth the Demonspawn Gladiator began the quest for the
                  | Orb.
     0 | D:1      | Reached XP level 1. HP: 16/16 MP: 1/1
   114 | D:1      | Reached skill level 3 in Maces & Flails
   157 | D:1      | Gained mutation: You are slightly more attuned to the
                  | shadows. [demonic ancestry]
   157 | D:1      | Reached XP level 2. HP: 22/22 MP: 2/2
   760 | D:2      | Reached XP level 3. HP: 23/28 MP: 3/3
   774 | D:2      | Reached skill level 1 in Stealth
  1307 | D:2      | Found a basalt altar of Yredelemnul.
  1312 | D:2      | Found an ornate altar of the Wu Jian Council.
  1312 | D:2      | Found a stormy altar of Qazlal.
  1458 | D:2      | Found a shattered altar of Ashenzari.
  1459 | D:2      | Found a snail-covered altar of Cheibriados.
  1902 | D:3      | Gained mutation: You have a pair of small horns on your
                  | head. [demonic ancestry]
  1902 | D:3      | Reached XP level 4. HP: 25/34 MP: 4/4
  2218 | D:3      | Reached skill level 4 in Maces & Flails
  2226 | D:3      | Found a glowing drain.
  2298 | Sewer    | Entered a sewer
  2307 | Sewer    | Reached skill level 3 in Fighting
  2598 | Sewer    | Gained mutation: When seriously injured, your bleeding
                  | wounds create armour. (AC +9) [demonic ancestry]
  2598 | Sewer    | Reached XP level 5. HP: 41/41 MP: 5/5
  2619 | Sewer    | Reached skill level 2 in Stealth
  3451 | D:3      | Reached skill level 5 in Maces & Flails
  3451 | D:3      | Reached XP level 6. HP: 47/48 MP: 6/6
  3832 | D:4      | Reached skill level 4 in Fighting
  3832 | D:4      | Reached skill level 3 in Dodging
  4063 | D:4      | Reached skill level 1 in Armour
  4239 | D:4      | Reached XP level 7. HP: 19/54 MP: 7/7
  4566 | D:4      | Noticed a moth of wrath
  4569 | D:4      | Found a bloodstained altar of Trog.
  5120 | D:5      | Entered Level 5 of the Dungeon
  5230 | D:5      | Found a staircase to the Ecumenical Temple.
  5251 | Temple   | Entered the Ecumenical Temple
  5368 | Temple   | Became a worshipper of Nemelex Xobeh the Trickster
  5446 | D:5      | Noticed Duvessa
  5446 | D:5      | Noticed Dowan
  5460 | D:5      | Killed Duvessa
  5460 | D:5      | Reached skill level 6 in Maces & Flails
  5460 | D:5      | Reached skill level 2 in Throwing
  5460 | D:5      | Reached skill level 1 in Invocations
  5478 | D:5      | Killed Dowan
  5718 | D:5      | Received a gift from Nemelex Xobeh
  5767 | D:5      | Noticed Blork the orc
  5772 | D:5      | Killed Blork the orc
  5875 | D:5      | Reached skill level 2 in Invocations
  6138 | D:6      | Reached * piety under Nemelex Xobeh
  6179 | D:6      | Reached skill level 5 in Fighting
  6179 | D:6      | Gained mutation: You have a pair of horns on your head.
                  | [demonic ancestry]
  6179 | D:6      | Reached XP level 8. HP: 41/62 MP: 8/10
  6335 | D:6      | Found Quse's General Store.
  6340 | D:6      | Bought a potion of heal wounds for 75 gold pieces
  6416 | D:6      | Reached skill level 3 in Invocations
  6625 | D:6      | Reached skill level 7 in Maces & Flails
  6897 | D:6      | Reached skill level 4 in Invocations
  6985 | D:6      | Received a gift from Nemelex Xobeh
  7359 | D:7      | Found Paudeos's Food Shoppe.
  7916 | D:6      | Reached skill level 6 in Fighting
  8139 | D:6      | Reached skill level 5 in Invocations
  8151 | D:6      | Reached skill level 8 in Maces & Flails
  8244 | D:7      | Reached ** piety under Nemelex Xobeh
  8273 | D:7      | Gained mutation: When seriously injured, your bleeding
                  | wounds create thick armour. (AC +9) [demonic ancestry]
  8273 | D:7      | Reached XP level 9. HP: 60/69 MP: 11/13
  8990 | D:8      | Received a gift from Nemelex Xobeh
  9016 | D:8      | Reached skill level 6 in Invocations
  9431 | D:8      | Reached skill level 2 in Armour
 10050 | D:8      | Reached skill level 9 in Maces & Flails
 10377 | D:8      | Reached skill level 7 in Fighting
 10377 | D:8      | Reached skill level 3 in Stealth
 10394 | D:8      | Reached *** piety under Nemelex Xobeh
 10709 | D:9      | Noticed Erolcha
 10714 | D:9      | Noticed a troll
 10720 | D:9      | Killed Erolcha
 10720 | D:9      | Reached skill level 3 in Armour
 10720 | D:9      | Reached skill level 4 in Dodging
 10720 | D:9      | Reached skill level 7 in Invocations
 10720 | D:9      | Reached XP level 10. HP: 34/79 MP: 15/15
 11138 | D:9      | Found a staircase to the Orcish Mines.
 11202 | D:9      | Noticed Joseph
 11298 | D:9      | Reached skill level 4 in Stealth
 11439 | D:9      | Killed Joseph
 11524 | D:9      | Received a gift from Nemelex Xobeh
 11629 | D:9      | Reached skill level 10 in Maces & Flails
 11748 | D:9      | Reached skill level 5 in Dodging
 11748 | D:9      | Reached skill level 8 in Invocations
 11755 | D:9      | Noticed a three-headed hydra
 11774 | D:9      | Killed a three-headed hydra
 11774 | D:9      | Reached skill level 8 in Fighting
 12131 | D:10     | Entered Level 10 of the Dungeon
 12172 | D:10     | Gained mutation: Your flesh is heat resistant. (rF+)
                  | [demonic ancestry]
 12172 | D:10     | Reached XP level 11. HP: 64/86 MP: 17/17
 12285 | D:10     | Noticed a two-headed ogre
 12291 | D:10     | Killed a two-headed ogre
 12306 | D:10     | Received a gift from Nemelex Xobeh
 12497 | D:10     | Found Gyinua's Distillery.
 12508 | D:10     | Bought a potion of heal wounds for 75 gold pieces
 12508 | D:10     | Bought a potion of heal wounds for 75 gold pieces
 12508 | D:10     | Bought a potion of curing for 45 gold pieces
 12508 | D:10     | Bought a potion of curing for 45 gold pieces
 12508 | D:10     | Bought a potion of curing for 45 gold pieces
 12508 | D:10     | Bought a potion of heal wounds for 75 gold pieces
 12883 | D:10     | Found a staircase to the Lair.
 12886 | D:10     | Learned a level 1 spell: Animate Skeleton
 12890 | D:10     | Learned a level 3 spell: Regeneration
 12928 | D:11     | Noticed Fannar
 12960 | D:11     | Reached skill level 9 in Invocations
 12964 | D:11     | Noticed a centaur warrior
 13089 | D:11     | You fall into a shaft and drop 1 floor!
 13210 | D:12     | Noticed a tengu warrior
 13227 | D:12     | Reached skill level 1 in Necromancy
 13241 | D:12     | Reached skill level 1 in Spellcasting
 13380 | D:11     | Found a glowing golden altar of the Shining One.
 13405 | D:11     | Killed an unseen horror
 13431 | D:11     | Reached skill level 11 in Maces & Flails
 13460 | D:11     | Killed from afar by Fannar

Levels and vault maps discovered:
D:1:      minmay_arrival_cross, layout_basic, minivault_25, minmay_3d_cube
D:2:      layout_loops_ring, minitemple, gammafunk_temple_overflow_statue
D:3:      layout_rooms, portal_sewer_entry_e, first_ration
D:4:      layout_loops_ring, tgw_trog
D:5:      layout_basic, minmay_temple_entry_mini_moons, uniq_duvessa,
          uniq_blork_the_orc
D:6:      layout_layer_cave, serial_shops, kennysheep_little_box,
          corner_web_ring, mrwooster_statue_mirror
D:7:      layout_rooms, serial_shops, shop
D:8:      minmay_general_purpose_star, layout_layer_cave
D:9:      layout_rooms, hiddenorc2_lemuel, hangedman_ranch
          [blue_anna_fruit_fields], minmay_misc_feat_roman, uniq_erolcha,
          uniq_joseph
D:10:     layout_loops_ring, lair_entry_dummy, serial_shops, shop
D:11:     layout_rooms, basic_altar, st_stairs_9, uniq_fannar
D:12:     layout_roguey, minmay_fractal_squares_gapless_7
Temple:   minmay_crystal_spiral_temple

Skill      XL: |  1  2  3  4  5  6  7  8  9 10 11 |
---------------+----------------------------------+-----
Maces & Flails | 3 4 5 6 8 9 10 11 | 11.0
Stealth        | 1 2 3 4 |  4.0
Fighting       | 3 4 5 6 7 8 |  8.6
Dodging        | 3 4 5 |  5.9
Armour         | 1 3 |  3.0
Throwing       | 2 |  2.0
Invocations    | 2 5 7 8 9 |  9.1
Necromancy     | 1 |  1.5
Spellcasting   | 1 |  1.3

Action                   |  1- 3 |  4- 6 |  7- 9 | 10-12 || total
-------------------------+-------+-------+-------+-------++-------
Melee: Flail             |   110 |   250 |   247 |   253 ||   860
       Headbutt          |       |    48 |    78 |    97 ||   223
       Morningstar       |       |       |   108 |       ||   108
       Dire flail        |       |       |       |    85 ||    85
Throw: Boomerang         |       |     2 |     3 |       ||     5
       Throwing net      |       |     1 |       |       ||     1
       Dart              |       |       |    15 |       ||    15
 Abil: Draw Destruction  |       |       |     5 |     4 ||     9
       Draw Escape       |       |       |     1 |     3 ||     4
       Draw Summoning    |       |       |       |     2 ||     2
Evoke: Wand              |       |       |       |     3 ||     3
  Use: Scroll            |       |     5 |     4 |     2 ||    11
       Potion            |       |     1 |       |     1 ||     2
 Stab: Sleeping          |     6 |     6 |    13 |     4 ||    29
       Held in net/web   |       |     1 |       |       ||     1
       Distracted        |       |     1 |       |     2 ||     3
  Eat: Chunk             |     3 |     5 |    13 |     6 ||    27
       Ration            |       |     1 |     2 |     1 ||     4
Armor: Leather armour    |     5 |       |       |       ||     5
       Ring mail         |    58 |   109 |   144 |     9 ||   320
       Troll leather arm |       |       |       |   123 ||   123
Dodge: Dodged            |    72 |   174 |   182 |   290 ||   718

Table legend:
 A = Non-vault XP
 B = Vault XP
 C = Vault XP percentage of total XP
 D = Non-vault monster count
 E = Vault monster count
 F = Vault count percentage of total count
                 A         B        C        D         E       F
            +---------+---------+-------+---------+---------+-------
      Total |    9825 |    5072 |  34.0 |     215 |     108 |  33.4
            +---------+---------+-------+---------+---------+-------
        D:1 |      32 |       7 |  17.9 |      10 |       4 |  28.6
        D:2 |      53 |       0 |   0.0 |      17 |       0 |   0.0
        D:3 |     110 |      24 |  17.9 |      29 |       8 |  21.6
        D:4 |     461 |      17 |   3.6 |      25 |       5 |  16.7
        D:5 |      80 |     311 |  79.5 |       6 |       3 |  33.3
        D:6 |    1255 |       0 |   0.0 |      25 |       0 |   0.0
        D:7 |     957 |       0 |   0.0 |      15 |       0 |   0.0
        D:8 |    1366 |     117 |   7.9 |      26 |       7 |  21.2
        D:9 |    2384 |    3584 |  60.1 |      30 |      37 |  55.2
       D:10 |    1638 |       0 |   0.0 |      11 |       0 |   0.0
       D:11 |    1073 |     833 |  43.7 |      13 |       2 |  13.3
       D:12 |     416 |       0 |   0.0 |       8 |       0 |   0.0
      Sewer |       0 |     179 | 100.0 |       0 |      42 | 100.0
            +---------+---------+-------+---------+---------+-------
